Map: [TLMC15] Berlingrad

Players

Neeblet (Neeb) - Winner!

  • Race: Protoss Protoss

Reynor

  • Race: Zerg Zerg
  • League: Master

VOD

Have the link to the VOD?

Description

Time

  • Played on: Oct. 21, 2021, 12:08 p.m.
  • Length: 44:16
Show
View Real Time Build Order
Export as new Build Order

Neeblet Protoss - Winner!

Build Orders: 1 Gate Expand, Oracle Opening, Carriers, Zealot Archon 

Get SALT Encoding   

  12  0:00  Probe  
  13  0:12  Probe  
  14  0:22  Pylon  
  14  0:24  Probe  
  15  0:40  Probe (Chrono Boost)  
  15  0:41  Gateway  
  16  0:49  Probe (Chrono Boost)  
  17  0:51  Assimilator  
  17  0:54  Probe  
  18  1:06  Probe  
  19  1:18  Probe  
  20  1:26  Nexus  
  20  1:36  Cybernetics Core  
  20  1:39  Probe  
  21  1:45  Assimilator  
  21  1:51  Probe  
  21  1:53  Pylon  
  22  2:03  Probe (Chrono Boost)  
  23  2:13  Adept  
  23  2:14  Probe (Chrono Boost)  
  26  2:19  Probe (Chrono Boost)  
  27  2:23  Stargate  
  28  2:30  Probe (Chrono Boost)  
  28  2:34  Warp Gate  
  28  2:40  Probe (Chrono Boost)  
  28  2:41  Probe (Chrono Boost)  
  28  2:43  Adept  
  32  2:48  Probe (Chrono Boost)  
  32  2:49  Probe (Chrono Boost)  
  34  2:53  Probe (Chrono Boost)  
  34  2:56  Probe  
  36  3:02  Pylon  
  36  3:05  Probe  
  37  3:07  Oracle (Chrono Boost)  
  37  3:08  Probe  
  41  3:13  Adept  
  41  3:17  Probe  
  44  3:20  Probe  
  44  3:21  Gateway  
  45  3:27  Pylon  
  45  3:29  Probe  
  45  3:32  Probe  
  47  3:39  Oracle (Chrono Boost)  
  50  3:41  Probe  
  50  3:43  Adept  
  50  3:44  Probe  
  54  3:57  Probe  
  54  3:58  Nexus  
  54  4:00  Probe  
  56  4:06  Pylon  
  56  4:09  Probe, Void Ray (Chrono Boost)  
  57  4:11  Assimilator  
  57  4:12  Probe, Assimilator  
  58  4:24  Probe  
  63  4:25  Adept, Probe  
  63  4:27  Adept  
  63  4:30  Shield Battery  
  68  4:36  Probe  
  68  4:37  Robotics Facility  
  69  4:39  Probe  
  70  4:50  Probe  
  70  4:51  Forge, Probe  
  69  5:02  Probe (Chrono Boost)  
  70  5:08  Probe (Chrono Boost)  
  71  5:14  Probe (Chrono Boost)  
  71  5:15  Gateway  
  71  5:16  Gateway  
  71  5:17  Twilight Council, Probe (Chrono Boost)  
  71  5:19  Probe (Chrono Boost)  
  72  5:21  Sentry x2  
  72  5:22  Probe (Chrono Boost)  
  72  5:24  Probe (Chrono Boost)  
  72  5:25  Probe (Chrono Boost), Immortal  
  72  5:26  Protoss Ground Weapons Level 1  
  83  5:28  Probe  
  83  5:34  Probe  
  85  5:41  Robotics Bay  
  85  5:45  Pylon  
  85  5:46  Assimilator  
  85  5:47  Assimilator  
  85  5:49  Pylon x2  
  85  5:54  Pylon  
  85  6:03  Probe x3  
  85  6:04  Gateway  
  88  6:05  Gateway  
  88  6:09  Observer (Chrono Boost)  
  88  6:10  Charge  
  89  6:15  Templar Archives, Probe, Gateway  
  89  6:16  Gateway  
  90  6:19  Probe  
  90  6:21  Gateway  
  92  6:28  Probe, Gateway, Disruptor (Chrono Boost)  
  92  6:30  Pylon  
  95  6:35  Probe x2  
  97  6:42  Zealot x4  
  97  6:46  Probe  
  106  6:51  Photon Cannon  
  106  6:54  Pylon, Phoenix  
  105  6:59  Disruptor  
  105  7:00  Photon Cannon  
  110  7:10  Pylon  
  110  7:14  Probe x2  
  110  7:15  Probe  
  113  7:16  High Templar x2  
  113  7:19  Nexus  
  113  7:20  Archon  
  119  7:25  High Templar x2  
  119  7:27  Probe, Photon Cannon  
  122  7:31  Archon  
  122  7:35  Robotics Facility  
  122  7:38  Disruptor  
  122  7:42  Zealot x2  
  129  7:44  Zealot  
  129  7:45  Zealot x2  
  129  7:48  Zealot x2  
  139  7:57  Pylon  
  139  8:00  Probe x3  
  139  8:05  Protoss Ground Weapons Level 2 (Chrono Boost)  
  140  8:08  Pylon  
  140  8:11  Pylon x2  
  140  8:12  Probe  
  140  8:16  Pylon  
  140  8:18  Pylon, Disruptor  
  139  8:24  Probe, Nexus  
  136  8:29  High Templar x3  
  136  8:30  Zealot x6, High Templar  
  156  8:35  Archon  
  156  8:36  Archon  
  156  8:39  Pylon  
  156  8:41  Assimilator  
  156  8:45  Assimilator  
  156  8:55  Fleet Beacon  
  156  8:57  Stargate, Immortal (Chrono Boost)  
  160  9:07  Photon Cannon  
  160  9:09  Photon Cannon  
  164  9:10  Zealot x2, Immortal (Chrono Boost)  
  164  9:11  Photon Cannon  
  168  9:26  Stargate  
  168  9:30  Shield Battery  
  168  9:31  Protoss Air Weapons Level 1 (Chrono Boost)  
  168  9:33  Photon Cannon  
  156  9:47  Zealot x10  
  156  9:52  Observer  
  175  9:56  Probe  
  167  10:00  Probe  
  167  10:05  Probe  
  157  10:08  Probe  
  157  10:12  Photon Cannon  
  157  10:14  Observer  
  157  10:16  Zealot x7  
  167  10:25  Probe  
  167  10:28  Zealot x3  
  152  10:36  Zealot x5  
  152  10:38  Zealot  
  162  10:49  Carrier x2 (Chrono Boost)  
  162  10:56  Carrier (Chrono Boost)  
  180  11:09  High Templar x5  
  180  11:10  High Templar  
  192  11:12  Pylon  
  192  11:13  Protoss Ground Weapons Level 3 (Chrono Boost)  
  192  11:21  Archon x3  
  189  11:29  Zealot  
  189  11:30  Zealot x2  
  150  11:53  Stalker  
  150  11:54  Stalker x2, Zealot x7  
  127  12:11  Carrier x2 (Chrono Boost)  
  127  12:12  Carrier (Chrono Boost)  
  127  12:13  Probe  
  127  12:14  Probe  
  137  12:28  Zealot x6  
  147  12:36  Disruptor (Chrono Boost)  
  147  12:37  High Templar x3, Disruptor (Chrono Boost)  
  151  12:46  Archon  
  151  12:49  Zealot x3, High Templar  
  159  12:55  Archon  
  159  13:01  Zealot x2  
  163  13:07  Observer  
  163  13:11  Nexus  
  163  13:13  Protoss Air Weapons Level 2 (Chrono Boost)  
  163  13:15  Carrier (Chrono Boost)  
  163  13:19  Carrier (Chrono Boost)  
  161  13:32  Pylon  
  161  13:33  Disruptor x2  
  165  13:39  Sentry x2, Zealot  
  171  13:45  Observer  
  158  14:00  High Templar  
  158  14:01  Zealot x3, High Templar  
  158  14:02  Zealot x2  
  172  14:05  Archon  
  172  14:07  Disruptor (Chrono Boost)  
  175  14:25  High Templar  
  175  14:26  Gateway, Zealot x3, High Templar  
  175  14:27  Gateway  
  175  14:29  Gateway  
  184  14:32  Archon  
  184  14:40  Zealot x2  
  188  14:46  Protoss Shields Level 1 (Chrono Boost)  
  186  14:58  Pylon  
  184  15:02  High Templar  
  184  15:03  High Templar x3  
  192  15:08  Archon, Assimilator, Photon Cannon  
  192  15:09  Shield Battery, Archon  
  192  15:11  Photon Cannon  
  192  15:12  Assimilator  
  192  15:13  Photon Cannon  
  192  15:15  High Templar x2  
  192  15:16  Zealot  
  192  15:20  Archon  
  198  15:24  Psionic Storm  
  196  15:39  Nexus  
  196  15:40  Shield Battery  
  196  15:42  Photon Cannon x2  
  196  15:43  High Templar x2  
  196  15:45  Photon Cannon  
  186  16:05  Zealot x3  
  186  16:06  Zealot x4  
  192  16:26  Protoss Air Weapons Level 3 (Chrono Boost)  
  192  16:38  High Templar x4  
  192  16:39  Carrier (Chrono Boost)  
  194  16:49  Zealot x3  
  200  16:54  Photon Cannon  
  200  16:55  Photon Cannon  
  200  17:00  Pylon  
  200  17:12  Nexus  
  200  17:13  Pylon  
  200  17:27  Carrier (Chrono Boost)  
  194  17:30  Mothership (Chrono Boost)  
  194  17:34  Carrier (Chrono Boost)  
  185  17:51  High Templar x3  
  185  17:52  Zealot x4  
  199  18:14  Nexus  
  199  18:17  Pylon  
  199  18:19  Pylon  
  199  18:23  Assimilator  
  197  18:27  Assimilator  
  197  18:32  Stalker  
  197  18:33  Zealot x4  
  198  18:52  Zealot  
  192  19:00  Protoss Air Armor Level 1 (Chrono Boost)  
  192  19:02  Dark Shrine  
  192  19:14  High Templar x2  
  192  19:15  High Templar x2, Photon Cannon  
  200  19:17  Protoss Shields Level 2 (Chrono Boost)  
  200  19:18  Shield Battery  
  200  19:19  Archon x2  
  200  19:20  Photon Cannon  
  200  19:27  Photon Cannon  
  200  19:29  Shield Battery  
  200  19:31  Photon Cannon  
  200  19:33  Photon Cannon  
  200  19:39  Photon Cannon  
  200  19:40  Photon Cannon  
  200  19:42  Photon Cannon  
  200  19:43  Shield Battery  
  200  19:45  Shield Battery  
  194  19:57  Immortal x2 (Chrono Boost)  
  198  20:20  Photon Cannon  
  198  20:23  Pylon, Photon Cannon  
  198  20:42  Stargate  
  198  20:45  Stargate  
  198  20:46  Stargate  
  198  20:48  Stargate  
  198  20:51  Stargate  
  198  21:19  Dark Templar  
  188  21:49  Observer (Chrono Boost)  
  180  21:57  Mothership (Chrono Boost)  
  180  21:58  Zealot x9  
  180  21:59  Zealot  
  191  22:01  Observer (Chrono Boost)  
  187  22:18  Protoss Air Armor Level 2  
  187  22:22  Archon  
  196  22:48  Immortal (Chrono Boost)  
  196  22:49  Immortal (Chrono Boost)  
  177  22:57  High Templar x5  
  177  22:58  High Templar x2  
  199  23:01  Archon  
  199  23:02  Archon x2  
  195  23:16  Nexus  
  195  23:18  Immortal (Chrono Boost)  
  195  23:19  Nexus  
  195  23:20  Pylon  
  196  23:46  Observer (Chrono Boost)  
  176  24:04  Zealot x9, Photon Cannon  
  176  24:05  Photon Cannon  
  189  24:10  Immortal x2  
  165  24:52  Immortal x2  
  173  24:59  Void Ray x5  
  197  25:22  High Templar  
  194  25:28  High Templar x3  
  199  25:49  Void Ray (Chrono Boost)  
  199  25:50  Photon Cannon  
  199  25:51  Void Ray (Chrono Boost)  
  199  25:52  Void Ray x3 (Chrono Boost)  
  199  25:53  Assimilator x2  
  199  25:55  Photon Cannon  
  199  25:56  Photon Cannon  
  199  26:28  Stalker  
  197  26:38  Void Ray x6 (Chrono Boost)  
  169  26:41  Blink, Void Ray  
  197  26:57  Zealot  
  197  27:15  Robotics Facility  
  197  27:24  Photon Cannon x2  
  197  27:27  Shield Battery  
  197  27:29  Pylon  
  197  27:35  Nexus  
  187  27:47  Flux Vanes  
  187  27:50  Assimilator  
  187  27:53  Assimilator  
  187  27:55  Pylon  
  187  28:01  Pylon  
  187  28:17  Photon Cannon  
  187  28:18  Photon Cannon  
  187  28:20  Photon Cannon  
  187  28:21  Photon Cannon  
  187  28:24  Shield Battery  
  187  28:25  Shield Battery  
  187  28:27  Shield Battery  
  187  28:30  Photon Cannon  
  187  28:32  Photon Cannon  
  187  28:34  Photon Cannon  
  187  28:36  Shield Battery  
  187  28:37  Shield Battery  
  187  28:40  Photon Cannon  
  187  28:43  Photon Cannon  
  187  28:44  Photon Cannon  
  187  28:47  Pylon  
  187  28:50  Pylon  
  183  29:23  Zealot x7  
  197  29:31  Dark Templar  
  193  30:06  Nexus  
  190  30:31  Observer (Chrono Boost)  
  190  30:34  Assimilator  
  191  30:38  Assimilator  
  191  30:42  Pylon  
  183  31:01  Zealot x8  
  190  31:58  Photon Cannon  
  190  31:59  Photon Cannon  
  190  32:01  Photon Cannon  
  190  32:04  Photon Cannon  
  161  33:06  Tempest x2  
  161  33:07  Tempest x6  
  193  33:49  Oracle  
  193  33:50  Oracle  
  195  33:56  Void Ray x2  
  199  34:19  Photon Cannon  
  199  34:20  Photon Cannon  
  199  34:21  Photon Cannon  
  199  34:25  Photon Cannon x2  
  199  34:28  Photon Cannon x2  
  190  34:32  Pylon  
  190  34:36  Shield Battery  
  190  34:38  Void Ray x2  
  177  35:09  Void Ray x3  
  177  35:11  Mothership (Chrono Boost)  
  177  35:18  Pylon  
  183  35:39  Void Ray x3  
  183  35:41  High Templar x2  
  200  35:50  Observer (Chrono Boost)  
  200  36:07  Void Ray  
  200  36:08  Void Ray  
  198  36:14  Void Ray  
  196  36:48  Oracle  
  192  37:05  Oracle x2  
  195  37:28  Mothership (Chrono Boost)  
  176  38:04  Void Ray x2  
  176  38:05  Void Ray x4  
  164  38:06  Void Ray x2  
  145  38:35  Zealot x10  
  165  38:41  Void Ray  
  165  38:42  Void Ray x5  
  165  38:43  Void Ray x2  
  197  38:59  Zealot  
  185  39:13  Zealot x9  
  181  39:37  High Templar x3  
  199  40:02  Tempest x3  
  197  40:27  Pylon  
  189  41:03  Pylon  
  189  41:21  Pylon  
  181  41:39  Oracle x2  
  187  41:42  Shield Battery x2  
  187  41:43  Shield Battery  
  187  41:44  Tempest x2  
  187  41:45  Shield Battery  
  197  41:47  Shield Battery  
  196  42:04  Shield Battery  
  196  42:05  Shield Battery  
  196  42:07  Pylon  
  196  42:09  Pylon  
  186  43:08  Pylon  
  185  43:27  Pylon  
Show
View Real Time Build Order
Export as new Build Order

Reynor Zerg 

Build Orders: Hatch First, Lurkers 

Get SALT Encoding   

  12  0:00  Drone  
  13  0:12  Overlord  
  13  0:16  Drone  
  14  0:30  Drone x2  
  16  0:38  Drone  
  17  0:52  Hatchery  
  17  0:54  Drone  
  17  0:58  Drone  
  18  1:08  Extractor  
  17  1:13  Spawning Pool  
  17  1:15  Drone  
  17  1:18  Drone  
  18  1:27  Drone  
  19  1:39  Drone  
  20  1:49  Overlord  
  20  2:00  Queen  
  22  2:04  Drone x2  
  22  2:05  Queen  
  26  2:11  Zergling x2  
  26  2:13  Metabolic Boost  
  26  2:15  Drone  
  28  2:21  Drone  
  29  2:26  Drone  
  30  2:36  Drone  
  31  2:37  Drone  
  31  2:42  Hatchery  
  31  2:45  Queen  
  31  2:50  Overlord  
  33  2:52  Drone  
  33  2:55  Drone  
  35  2:59  Zergling x2  
  36  3:07  Queen  
  36  3:09  Overlord  
  36  3:11  Drone x2  
  40  3:13  Drone  
  40  3:15  Drone  
  42  3:20  Zergling x4  
  44  3:29  Overlord  
  44  3:30  Drone, Queen  
  47  3:41  Drone x2  
  48  3:51  Drone  
  48  3:52  Overlord  
  48  3:53  Queen  
  48  3:54  Drone  
  48  3:55  Drone x3  
  54  4:03  Spore Crawler  
  54  4:04  Drone x2  
  54  4:07  Drone  
  56  4:13  Drone  
  56  4:14  Spore Crawler  
  56  4:16  Drone x4  
  60  4:18  Drone  
  61  4:25  Overlord  
  61  4:26  Zergling x8  
  61  4:30  Drone x2  
  67  4:33  Spore Crawler  
  67  4:35  Drone  
  67  4:36  Drone  
  67  4:38  Overlord  
  68  4:39  Drone  
  68  4:40  Drone  
  70  4:47  Overlord  
  70  4:52  Drone x2  
  72  4:53  Drone  
  72  4:55  Lair  
  72  4:56  Overlord  
  72  4:57  Drone x2  
  72  4:59  Drone  
  76  5:01  Drone x2  
  76  5:04  Overlord  
  76  5:05  Drone x2  
  76  5:06  Drone  
  81  5:11  Drone x2  
  81  5:13  Drone  
  81  5:16  Evolution Chamber  
  81  5:20  Drone  
  81  5:22  Drone x2  
  81  5:23  Drone x2  
  81  5:24  Extractor  
  81  5:25  Extractor  
  81  5:26  Extractor x2  
  81  5:27  Drone  
  82  5:29  Drone x2  
  82  5:31  Extractor  
  82  5:35  Drone x2  
  85  5:36  Hatchery  
  85  5:38  Roach Warren  
  85  5:39  Overlord  
  85  5:40  Drone  
  83  5:49  Zerg Missile Weapons Level 1  
  83  5:53  Overseer  
  83  5:55  Overlord  
  83  6:00  Drone x3  
  83  6:02  Drone  
  84  6:06  Drone x7  
  84  6:07  Drone  
  84  6:08  Drone  
  84  6:11  Infestation Pit  
  92  6:15  Overlord  
  93  6:18  Drone x2  
  93  6:25  Overlord  
  94  6:26  Drone x2  
  94  6:27  Drone  
  94  6:32  Glial Reconstitution  
  97  6:35  Extractor x2  
  97  6:36  Roach  
  97  6:37  Roach x4  
  105  6:40  Roach x3  
  105  6:43  Roach x2  
  105  6:45  Overlord  
  114  6:48  Hive  
  114  6:49  Roach  
  114  6:52  Drone, Overlord  
  117  6:54  Hatchery  
  117  6:55  Hydralisk Den  
  117  6:56  Drone  
  117  6:57  Drone  
  117  6:58  Drone x2  
  117  7:00  Roach  
  121  7:03  Roach x4  
  121  7:07  Drone  
  128  7:10  Overlord  
  128  7:12  Drone x3  
  128  7:13  Drone  
  132  7:17  Roach  
  132  7:19  Roach  
  132  7:21  Roach x2  
  132  7:22  Ravager x4  
  144  7:27  Zergling x14, Lurker Den  
  150  7:32  Roach  
  150  7:35  Overlord  
  150  7:36  Drone x3  
  155  7:37  Pneumatized Carapace, Spore Crawler  
  154  7:46  Roach x2  
  154  7:48  Zerg Missile Weapons Level 2  
  158  7:52  Drone  
  158  7:53  Drone, Spine Crawler x2  
  158  7:55  Spine Crawler  
  158  7:57  Drone x2  
  158  7:58  Spine Crawler  
  158  8:10  Hydralisk x4  
  158  8:11  Hydralisk x3  
  172  8:14  Overseer  
  169  8:25  Adaptive Talons  
  169  8:26  Muscular Augments  
  169  8:29  Hydralisk x2  
  169  8:33  Overlord  
  173  8:38  Lurker  
  174  8:42  Overlord  
  174  8:43  Overlord  
  174  8:48  Nydus Network  
  174  8:49  Drone  
  174  8:53  Lurker x6  
  174  8:54  Overlord  
  180  8:57  Spine Crawler  
  180  8:58  Drone x3  
  180  8:59  Spine Crawler, Spore Crawler  
  180  9:00  Queen, Extractor x2  
  180  9:01  Spine Crawler  
  180  9:02  Lurker x2  
  181  9:03  Zergling x10  
  181  9:05  Overlord  
  182  9:17  Hydralisk x5  
  178  9:29  Nydus Canal  
  178  9:31  Seismic Spines  
  176  9:33  Hydralisk x4  
  180  9:39  Spire  
  169  9:48  Hydralisk x7  
  169  9:50  Roach x4  
  169  9:52  Zergling x18  
  168  10:00  Roach x7  
  168  10:01  Roach x2  
  168  10:02  Zergling x6  
  180  10:07  Overlord  
  180  10:11  Lurker x3  
  180  10:14  Hydralisk x2  
  183  10:17  Drone x5  
  190  10:27  Drone x2  
  180  10:30  Hydralisk x3  
  180  10:31  Roach x6  
  180  10:34  Hydralisk x2  
  174  10:37  Roach  
  174  10:38  Roach  
  155  10:47  Lurker x3  
  155  10:48  Drone x5  
  163  10:51  Lurker  
  163  10:52  Zergling x6  
  163  10:55  Lurker  
  168  10:57  Drone x3  
  168  11:00  Queen, Extractor  
  168  11:01  Lurker  
  173  11:06  Hydralisk x3  
  173  11:07  Zergling x4  
  173  11:10  Lurker  
  181  11:22  Roach x7  
  181  11:23  Roach x2  
  196  11:38  Hydralisk x2  
  200  11:44  Hydralisk x5  
  174  11:47  Zergling x12  
  174  11:51  Hydralisk x5  
  181  11:56  Hydralisk x4  
  181  11:57  Hydralisk  
  181  11:58  Hydralisk  
  181  11:59  Hydralisk  
  178  12:05  Hydralisk x3  
  159  12:11  Roach x3, Zergling x4  
  159  12:12  Zergling x2  
  159  12:15  Roach x2  
  163  12:18  Lurker  
  163  12:19  Roach x2, Zergling x2  
  163  12:22  Hydralisk  
  167  12:23  Hydralisk  
  167  12:24  Zergling x2  
  167  12:25  Hydralisk  
  164  12:32  Hydralisk  
  164  12:33  Hydralisk  
  164  12:36  Hydralisk x3  
  160  12:40  Lurker  
  160  12:42  Roach  
  159  12:44  Hydralisk  
  159  12:45  Zergling x2, Hydralisk  
  159  12:50  Roach x2  
  165  12:56  Hydralisk x4  
  167  13:00  Lurker  
  168  13:06  Hydralisk x4  
  168  13:07  Zergling x4  
  168  13:10  Queen  
  178  13:13  Roach  
  178  13:14  Roach x2, Queen  
  178  13:19  Hydralisk x3  
  181  13:22  Queen  
  181  13:27  Viper  
  179  13:29  Lurker  
  179  13:31  Drone x4  
  187  13:41  Hatchery  
  165  13:50  Corruptor x5  
  165  13:55  Corruptor x2  
  154  14:01  Zerg Flyer Weapons Level 1  
  158  14:08  Lurker x2  
  158  14:09  Drone x5  
  166  14:10  Drone  
  166  14:12  Corruptor  
  166  14:13  Corruptor  
  170  14:22  Corruptor  
  170  14:23  Corruptor  
  174  14:29  Zergling x8  
  174  14:30  Corruptor x2  
  178  14:33  Drone x3  
  181  14:38  Lurker  
  181  14:39  Lurker  
  181  14:44  Spore Crawler x2  
  164  14:53  Corruptor x4, Extractor  
  164  14:56  Extractor  
  169  15:02  Corruptor x2  
  173  15:08  Viper  
  173  15:13  Hatchery  
  173  15:28  Hydralisk x3  
  175  15:30  Zergling x4  
  175  15:31  Zergling x6  
  181  15:39  Spore Crawler x2  
  176  15:48  Lurker x3  
  179  15:51  Lurker  
  179  15:52  Zergling x6  
  179  15:53  Zergling x4  
  185  16:01  Hydralisk x2  
  185  16:02  Hydralisk x2  
  185  16:03  Corruptor x4  
  185  16:04  Viper  
  185  16:09  Spore Crawler, Queen  
  185  16:10  Spore Crawler  
  185  16:11  Spore Crawler x3  
  187  16:12  Drone x2  
  187  16:13  Zerg Flyer Armor Level 1, Overlord  
  187  16:15  Spire  
  184  16:22  Lurker  
  184  16:23  Lurker x2  
  182  16:25  Roach  
  182  16:27  Overlord  
  180  16:36  Roach x5  
  188  16:45  Lurker x2  
  187  16:51  Hatchery  
  187  16:52  Drone x2  
  188  16:55  Spore Crawler  
  188  16:56  Spore Crawler, Lurker x2  
  188  16:58  Overseer  
  188  16:59  Corruptor x3  
  188  17:01  Overlord  
  194  17:06  Lurker  
  193  17:09  Drone  
  193  17:11  Zerg Missile Weapons Level 3  
  193  17:13  Overlord  
  193  17:17  Overlord  
  189  17:47  Zergling x6  
  189  17:48  Zergling x6  
  195  17:53  Overlord  
  195  18:09  Spore Crawler  
  195  18:10  Spore Crawler x2  
  192  18:13  Drone x3  
  195  18:23  Hatchery  
  182  18:36  Hydralisk x5  
  192  18:54  Zerg Flyer Armor Level 2, Zerg Flyer Weapons Level 2  
  180  18:57  Hatchery  
  180  18:58  Hydralisk x6  
  180  19:01  Corruptor x5  
  196  19:04  Overlord  
  198  19:17  Lurker x2  
  198  19:19  Spore Crawler x3  
  198  19:20  Lurker x3  
  198  19:24  Lurker  
  198  19:25  Lurker  
  196  19:52  Viper  
  199  19:54  Hatchery  
  190  20:18  Corruptor x2  
  190  20:19  Corruptor x3  
  200  20:30  Spine Crawler, Extractor x2  
  200  20:31  Spore Crawler  
  200  20:32  Spine Crawler x2  
  200  20:33  Overseer, Zerg Ground Armor Level 1  
  200  20:35  Overseer x2  
  194  20:36  Overseer  
  188  20:58  Hydralisk x3  
  188  21:02  Viper  
  197  21:04  Corruptor  
  199  21:13  Spore Crawler x2  
  199  21:14  Spore Crawler x2  
  195  21:20  Zerg Flyer Armor Level 3, Zerg Flyer Weapons Level 3  
  195  21:27  Lurker x3  
  195  21:30  Zergling x10  
  200  21:39  Hatchery  
  189  21:52  Hydralisk x4  
  189  21:53  Hydralisk x2  
  186  22:25  Lurker x4  
  190  22:30  Spore Crawler x2  
  190  22:31  Spore Crawler, Roach x3  
  190  22:32  Zerg Ground Armor Level 2, Spore Crawler  
  190  22:33  Overlord  
  192  22:43  Spore Crawler x2  
  190  22:47  Roach x3  
  194  22:53  Extractor  
  194  22:55  Roach x4  
  198  23:24  Hatchery  
  198  23:25  Spore Crawler x2  
  198  23:27  Overseer  
  195  23:33  Hydralisk x5  
  200  23:41  Overlord  
  200  23:52  Hydralisk x3  
  200  23:55  Overlord  
  200  24:00  Queen  
  186  24:10  Zergling x16  
  192  24:20  Lurker x3  
  184  24:26  Zergling x22  
  184  24:31  Lurker  
  184  24:32  Roach x2  
  184  24:42  Drone x2  
  184  24:43  Drone  
  184  24:44  Hydralisk  
  184  24:45  Zergling x14  
  173  24:54  Drone x5  
  173  24:55  Drone x2  
  173  24:59  Hydralisk x2  
  182  25:12  Hatchery  
  181  25:17  Hatchery  
  179  25:23  Lurker  
  169  25:46  Drone x2  
  169  25:47  Drone x2  
  173  25:50  Extractor  
  173  25:52  Extractor  
  171  26:01  Spore Crawler  
  168  26:24  Hatchery  
  163  26:44  Zergling x10  
  163  26:45  Queen  
  168  26:55  Lurker  
  161  27:02  Drone  
  161  27:03  Drone x2, Spore Crawler  
  161  27:05  Spore Crawler  
  162  27:11  Drone  
  162  27:12  Drone x3  
  162  27:13  Lurker  
  167  27:21  Drone x3  
  170  27:26  Spore Crawler x2  
  168  27:40  Lurker  
  170  27:55  Extractor  
  170  27:56  Drone x4  
  170  27:57  Extractor  
  172  28:03  Hydralisk x2  
  172  28:05  Drone x3  
  179  28:13  Overseer  
  179  28:15  Drone x3  
  180  28:21  Hydralisk  
  182  28:29  Lurker x2  
  184  28:40  Drone  
  184  28:41  Drone  
  186  28:45  Viper  
  189  28:49  Drone  
  190  28:57  Lurker  
  191  29:12  Spore Crawler x2  
  189  29:21  Overlord  
  189  29:30  Overlord x3  
  179  29:39  Hydralisk x3  
  179  29:44  Drone  
  179  29:45  Spore Crawler  
  185  30:05  Lurker x3  
  188  30:07  Hydralisk x3  
  188  30:08  Hydralisk x2  
  192  30:30  Hydralisk x3  
  192  30:35  Lurker x2  
  200  31:07  Lurker x2  
  200  31:08  Lurker  
  199  31:53  Spine Crawler  
  199  31:54  Spine Crawler x2  
  197  31:55  Spine Crawler  
  197  31:56  Spine Crawler x2  
  197  31:57  Lurker  
  197  31:58  Lurker x2  
  190  32:24  Hydralisk x2  
  194  32:36  Hydralisk x2  
  188  32:53  Lurker x2  
  190  33:02  Hydralisk x3  
  190  33:04  Lurker x2  
  184  33:27  Lurker x3  
  187  33:48  Hydralisk x3  
  189  34:56  Overseer x2  
  171  35:41  Corruptor x3  
  177  35:52  Viper  
  182  35:57  Zergling x20  
  182  35:58  Zergling x20  
  200  36:04  Hatchery  
  200  36:07  Zergling x2  
  196  37:35  Spore Crawler x5  
  196  37:36  Spore Crawler x3  
  188  37:38  Spore Crawler x2  
  188  37:39  Spore Crawler  
  188  37:40  Spore Crawler  
  188  37:42  Corruptor x3, Spore Crawler  
  143  38:11  Hydralisk x11  
  112  38:29  Hydralisk x3  
  112  38:31  Corruptor x7  
  132  38:37  Viper  
  132  38:38  Viper  
  134  38:52  Zergling x2  
  134  38:53  Zergling x6  
  126  39:54  Overseer  
Tags
 
Add a new tag
Caveats
  • Supply blocks, unpowered buildings, or Contaminate may cause inaccurate times.
  • Supply counts are checked every 10 seconds.